Legalize, chaotic male elven Ranger ---- ----------- --.>-------- |.........| |..=.......| |.b.......| |.`-----.-.| |.........| |..|...|`..| |....<....| |.`.......-| |.........| |..`....|..| |.........| |.----..--.| |.........| |........|.-- |........@| |.---[-!....------------.| |...|...-................| |%........---------------- -----..|..| ------- Legalize the Trailblazer Experience level: 6 Strength: 17 Dexterity: 12 Constitution: 16 Intelligence: 13 Wisdom: 13 Charisma: 7 Health: 40(40) Energy: 32(32) Def: 3 Gold: 496 Moves: 4507 Dungeon seed: QzTbUwcoQxSeonxG Game ID: Legalize_1511720285 Your Inventory: Coins $ - 496 gold pieces Amulets t - an uncursed amulet of life saving Weapons a - the blessed +1 Sting (alternate weapon; not wielded) b - a +1 elven bow (weapon in hand) c - 39 +2 elven arrows (in quiver) d - 34 +0 elven arrows r - a blessed +0 arrow s - 7 +0 orcish arrows w - 8 +1 elven arrows Armor e - an uncursed +2 elven cloak (being worn) Comestibles f - 4 uncursed lembas wafers g - 4 uncursed lichen corpses h - an uncursed carrot i - 2 uncursed food rations A - 2 uncursed tripe rations I - an uncursed fortune cookie K - 2 uncursed melons Scrolls B - 2 uncursed scrolls of earth named Earth D - 2 uncursed scrolls of blank paper E - a cursed scroll of blank paper Potions k - a cursed potion of sickness F - a cursed potion of speed Rings z - an uncursed ring of regeneration Wands n - a wand of teleportation (0:7) o - a wand of nothing (0:4) v - a wand of probing (0:8) C - a wand of slow monster (0:7) G - a wand of secret door detection (0:12) Tools m - an uncursed stethoscope p - a magic marker (0:32) y - an uncursed mirror Gems q - an uncursed garnet stone Spells and supernatural/magical abilities: Name Level Category Fail Memory W - pray for help -- divine ? -- Your skills at the end: Fighting Skills Weapon Skills dagger [Basic] bow [Basic] Spellcasting Skills Final Attributes: You were piously aligned. You were sleep resistant. You were poison resistant. You had automatic searching. You had infravision. You were stealthy. You were lucky. You survived. Vanquished creatures: a small mimic a leprechaun 2 dingos a wood nymph a water nymph a mountain nymph 2 Uruk-hai a shrieker a red naga hatchling a guardian naga hatchling a gray ooze an elf zombie a paper golem a little dog 3 floating eyes a kobold shaman 4 rothes a rabid rat a giant bat 3 dwarf zombies a wererat a werejackal an iguana 4 coyotes a hobbit a large kobold a hobgoblin 8 giant rats 2 red molds 2 gnomes 4 geckos 7 jackals 2 foxes a goblin 3 sewer rats 3 grid bugs 8 lichens a kobold zombie 7 newts 87 creatures vanquished. Voluntary challenges: You were an atheist. You used a wielded weapon 62 times, starting on turn 43. You read items or engraved 6 times, starting on turn 638. You never genocided any monsters. You never polymorphed an object. You never changed form. You used no wishes. You never split a pudding. You wrote Elbereth's name 2 times, starting on turn 1126. You never violated your personal moral code. Dungeon overview: The Dungeons of Doom: levels 1 to 7 Level 1 a fountain a long staircase Level 2 some fountains, a sink Level 3 a general store, some fountains stairs to The Gnomish Mines Level 4 a fountain Level 5 many fountains Level 6 a general store stairs to Sokoban Level 7 The Gnomish Mines: Level 4 stairs to The Dungeons of Doom Sokoban: levels 3 to 5 Level 3 Level 4 <- You were here Level 5 stairs to The Dungeons of Doom History has recorded: On T:1 you entered the Dungeons of Doom to retrieve the Amulet of Yendor! On T:363 you advanced to experience level 2. On T:502 you reached level 2 of The Dungeons of Doom. On T:724 you reached level 3 of The Dungeons of Doom. On T:766 you advanced to experience level 3. On T:1169 you advanced to experience level 4. On T:1206 you reached level 4 of The Dungeons of Doom. On T:1560 you reached level 5 of The Dungeons of Doom. On T:1803 you advanced to experience level 5. On T:2054 you reached level 6 of The Dungeons of Doom. On T:2488 you reached level 1 of The Gnomish Mines. On T:2637 you advanced to experience level 6. On T:2647 you reached level 7 of The Dungeons of Doom. On T:2684 you reached level 4 of Sokoban. On T:3161 you reached level 3 of Sokoban. On T:4132 you reached level 2 of Sokoban. Score breakdown: Gold: 496 ( 9172 points) Experience: 6 levels (12456 points) Exploration: 7 levels ( 14.29%) (10606 points) Discoveries: 1 item ( 0.34%) ( 1761 points) Valuables value: (no points given unless you survive) Artifact value: 800 ( 9877 points) Variety of kills: 39 monsters ( 10.24%) ( 9598 points) Turncount: 4507 turns (-1201 points) Survival: quit (score multiplied by 90%) Total score: 47042 Latest messages: You see here an egg. With great effort you move the boulder. You see here a giant bat corpse. With great effort you move the boulder. The boulder falls into and plugs a hole in the floor! You see here an egg. With great effort you move the boulder. You see here 2 melons. K - 2 melons. You see here a giant bat corpse. With great effort you move the boulder. You see here a giant bat corpse. You see here an egg. With great effort you move the boulder. You try to move the boulder, but in vain. With great effort you move the boulder. You cannot pass that way. (5x) With great effort you move the boulder. Where do you want to travel to? You see here 2 food rations. To quit the game, use the 'save' command (typically on 'S'). Final status: Goodbye Legalize the Ranger, quit... You quit in Sokoban on dungeon level 4 with 47042 points, and 496 pieces of gold, after 4507 moves. You were level 6 with a maximum of 40 hit points when you quit.